 Dungeon Crawl Stone Soup version 0.17.0-26-gececa24 (webtiles) character file.

221 AAAAA the Basher (level 5, -1/50 HPs)
             Began as an Ogre Gladiator on Nov 19, 2015.
             Was an Initiate of Okawaru.
             Slain by an adder (4 damage)
             ... on level 4 of the Dungeon.
             The game lasted 00:04:54 (2930 turns).

AAAAA the Basher (Ogre Gladiator)                   Turns: 2930, Time: 00:04:55

Health: -1/50      AC:  3    Str: 20    XL:     5   Next: 98%
Magic:  5/5        EV: 10    Int:  7    God:    Okawaru [......]
Gold:   61         SH:  0    Dex: 11    Spells: 0 memorised, 4 levels left

rFire  . . .     SeeInvis .     a - +0 flail
rCold  . . .     Clarity  .     b - +0 robe
rNeg   . . .     SustAt   .     (no shield)
rPois  .         Gourm    .     c - +0 hat
rElec  .         Spirit   .     (no cloak)
rCorr  .         Warding  .     (gloves unavailable)
rMut   .         Stasis   .     (boots unavailable)
MR     .....                    (no amulet)
Stlth  ++........               (no ring)
                                o - ring of stealth

@: lethally poisoned (-1 -> -30), not resistant to hostile enchantments,
unstealthy
A: unfitting armour, tough skin 1
a: Renounce Religion


You were on level 4 of the Dungeon.
You worshipped Okawaru.
Okawaru was noncommittal.
You were not hungry.

You visited 1 branch of the dungeon, and saw 4 of its levels.

You collected 61 gold pieces.

Inventory:

Hand Weapons
 a - a +0 flail (weapon)
Missiles
 d - a throwing net (quivered)
 i - 30 poisoned needles
Armour
 b - a +0 robe (worn)
 c - a +0 hat (worn)
Jewellery
 o - a ring of stealth (left hand)
Scrolls
 h - a scroll of enchant weapon {unknown}
 j - 4 scrolls of teleportation
 k - 2 scrolls of amnesia
 l - a scroll of recharging {unknown}
 p - a scroll of remove curse {unknown}
 r - a scroll of blinking {unknown}
Potions
 m - a potion of magic {unknown}
 q - 2 potions of agility
 s - a potion of poison
 u - a potion of heal wounds {unknown}
Comestibles
 e - 2 bread rations
 g - 4 meat rations
 n - 6 fruits
 t - a beef jerky


   Skills:
 - Level 2.6 Fighting
 + Level 8.5 Maces & Flails
 - Level 2.0 Throwing
 - Level 2.6 Dodging


You had 4 spell levels left.
You didn't know any spells.

Dungeon Overview and Level Annotations

Branches:
Dungeon (4/15)             Temple (0/1) D:4

Altars:
Cheibriados
Fedhas
Kikubaaqudgha
Okawaru
Ru


Innate Abilities, Weirdness & Mutations

You are too large for most types of armour.
You have tough skin (AC +1).


Message History

You feel sick. The adder bites you.
* * * LOW HITPOINT WARNING * * *
The adder bites you.
* * * LOW HITPOINT WARNING * * *
You miss the adder.
The adder is severely wounded.
You feel sick. The adder bites you but does no damage.
You barely miss the adder.
The adder is severely wounded.
You feel sick. The adder bites you.
* * * LOW HITPOINT WARNING * * *
You are more poisoned.
The adder poisons you!
Drink which item? (? for menu, Esc to quit)
It was a potion of poison.
That liquid tasted very nasty...
You are more poisoned.
* * * LOW HITPOINT WARNING * * *
You feel very sick. The adder bites you.
You die...

.>########
##.........
..........
##..(.$..##
#.........#
#.........##
#..........##
#(.......[..#
#.....8#


You could see an adder.

Vanquished Creatures
  A crimson imp (D:4)
  An orc priest (D:4)
  A gnoll shaman (D:3)
  3 gnolls
  4 adders (D:2)
  A worm (D:2)
  5 orcs
  6 bats
  6 giant cockroaches
  2 goblins (D:1)
  9 hobgoblins
  2 kobolds
  2 ball pythons (D:1)
  6 giant newts
  8 jackals (D:2)
  6 rats
63 creatures vanquished.

Notes
Turn   | Place    | Note
--------------------------------------------------------------
     0 | D:1      | AAAAA the Ogre Gladiator began the quest for the Orb.
     0 | D:1      | Reached XP level 1. HP: 22/22 MP: 1/1
   173 | D:1      | Reached XP level 2. HP: 26/29 MP: 2/2
   568 | D:1      | Reached skill level 5 in Maces & Flails
   704 | D:1      | Reached XP level 3. HP: 31/36 MP: 3/3
   869 | D:2      | Reached skill level 6 in Maces & Flails
   938 | D:2      | Found an iron altar of Okawaru.
   967 | D:2      | Reached XP level 4. HP: 40/44 MP: 4/4
  1003 | D:2      | Became a worshipper of Warmaster Okawaru
  1525 | D:3      | Found a blossoming altar of Fedhas.
  1528 | D:3      | Found an ancient bone altar of Kikubaaqudgha.
  1530 | D:3      | Found a snail-covered altar of Cheibriados.
  1604 | D:3      | Found a sacrificial altar of Ru.
  2062 | D:4      | Reached skill level 7 in Maces & Flails
  2068 | D:4      | Reached XP level 5. HP: 28/50 MP: 5/5
  2471 | D:3      | Reached skill level 8 in Maces & Flails
  2827 | D:4      | Noticed an ogre
  2896 | D:4      | Found a staircase to the Ecumenical Temple.
  2930 | D:4      | Slain by an adder

Action                   |  1- 3 |  4- 6 || total
-------------------------+-------+-------++-------
Melee: Flail             |   103 |   119 ||   222
Throw: Throwing net      |       |     2 ||     2
  Use: Scroll            |       |     3 ||     3
       Potion            |       |     1 ||     1
 Stab: Sleeping          |     1 |     4 ||     5
       Held in net/web   |       |     2 ||     2
  Eat: Chunk             |       |     7 ||     7
